 Dungeon Crawl Stone Soup version 0.28-a0-239-g68911e0c57 (webtiles) character file.

Game seed: 17607988978426824839

37 spiderkeys the Charlatan (level 3, -3/29 HPs)
             Began as a Hill Orc Artificer on Aug 23, 2021.
             Frozen to death by an endoplasm (5 damage)
             ... on level 2 of the Dungeon.
             The game lasted 00:01:41 (1827 turns).

spiderkeys the Charlatan (Hill Orc Artificer)       Turns: 1827, Time: 00:01:42

Health: -3/29      AC: 10    Str: 21    XL:     3   Next: 41%
Magic:  3/3        EV:  7    Int: 11    God:
Gold:   57         SH:  0    Dex: 11    Spells: 2/2 levels left

rFire   . . .      SeeInvis .   a - +0 club
rCold   . . .      Faith    .   (no shield)
rNeg    . . .      Spirit   .   m - +0 chain mail
rPois   .          Reflect  .   j - +0 helmet
rElec   .          Harm     .   (no cloak)
rCorr   .          Rampage  .   (no gloves)
Will    .....                   (no boots)
Stlth   ..........              (no amulet)
HPRegen 0.09/turn               S - +6 ring of strength
MPRegen 0.08/turn               (no ring)

@: no status effects
A: no striking features
a: no special abilities


You were on level 2 of the Dungeon.
You visited 1 branch of the dungeon, and saw 2 of its levels.

You collected 57 gold pieces.


   Skills:
 + Level 2.1 Fighting
 + Level 2.7 Armour
 - Level 0.7 Dodging
 - Level 0.7 Stealth
 * Level 3.7 Evocations


You had 2 spell levels left.
You didn't know any spells.
Your spell library was empty.

Inventory:

Hand Weapons
 a - a +0 club (weapon)
Missiles
 f - 54 stones
 i - 44 arrows
 l - 21 bolts
 n - 9 sling bullets
Armour
 b - a +0 leather armour
 j - a +0 helmet (worn)
   (You found it on level 1 of the Dungeon)
 m - a +0 chain mail (worn)
   (You found it on level 1 of the Dungeon)
Jewellery
 S - a +6 ring of strength (left hand)
   (You found it on level 1 of the Dungeon)
Wands
 c - a wand of flame (8) (quivered)
 d - a wand of charming (15)
Scrolls
 h - a scroll of identify {unknown}
 k - a scroll of vulnerability {unknown}
Potions
 g - a potion of lignification {unknown}
 o - 2 potions of ambrosia {unknown}
 p - a potion of magic {unknown}
Miscellaneous
 e - a piece from Xom's chessboard (15/15)

Dungeon Overview and Level Annotations

Branches:
Dungeon (2/15)

Altars:

#..........############
#.......)..'...........
#..........############
#.....)....#
#......###.# #......#
#.# ####'#####+######..
#.####..........
#..@Jg..........
######..........
.............
...............
.......#######..
.......# . ########


You could see an endoplasm and a goblin.


Message History

No target in view!
No target in view!
Things that are here:
a +0 short sword; a kobold corpse
o - 2 black potions
p - a brown potion Key pressed, stopping explore.
You open the door.
There is an open door here.
You open the door.
There is an open door here.
Key pressed, stopping explore.
You open the door.
A kobold comes into view. It is wielding a +0 dagger.
Found a stone staircase leading down.
There is an open door here.
The kobold closely misses you.
You closely miss the kobold.
The kobold hits you but does no damage. x2
You hit the kobold but do no damage. The kobold barely misses you.
Your chain mail prevents you from hitting the kobold.
The kobold hits you but does no damage.
You hit the kobold.
You kill the kobold!
No target in view!
No target in view!
No target in view!
Key pressed, stopping explore.
You see here a +0 dagger.
You see here a +0 falchion.
Key pressed, stopping explore.
You open the door.
There is an open door here.
You open the door.
An endoplasm comes into view.
There is an open door here.
An endoplasm is nearby!
An endoplasm and a goblin come into view.
The goblin shouts!
The endoplasm quivers.
The endoplasm freezes you.
You are frozen. 😕 HP[-2]
You take 2 damage, and now have 27/29 hp.
You hit the endoplasm.
The endoplasm hits you but does no damage.
You hit the endoplasm but do no damage. The endoplasm freezes you.
You are frozen. 😕 HP[-2]
You take 2 damage, and now have 25/29 hp.
You hit the endoplasm. The endoplasm freezes you.
You are frozen.
The endoplasm hits you but does no damage.
The endoplasm hits you. 😮 HP[-7]
You take 7 damage, and now have 18/29 hp.
MASSIVE DAMAGE!! (PAUSE)
There is an open door here.
You hit the endoplasm.
The endoplasm hits you but does no damage. x2
You barely miss the endoplasm.
The endoplasm hits you but does no damage.
Your chain mail prevents you from hitting the endoplasm.
The endoplasm freezes you.
You are frozen.
* * * LOW HITPOINT WARNING * * *
😨 HP[-4]
You take 4 damage, and now have 14/29 hp.
You hit the endoplasm.
You kill the endoplasm! 😮 HP[+1]
You hit the endoplasm. The endoplasm hits you.
* * * LOW HITPOINT WARNING * * *
😨 HP[-1]
You take 1 damage, and now have 14/29 hp.
You barely miss the endoplasm. The endoplasm freezes you.
You are frozen.
* * * LOW HITPOINT WARNING * * *
The endoplasm freezes you.
You are frozen.
* * * LOW HITPOINT WARNING * * *
😨 HP[-6]
You take 6 damage, and now have 8/29 hp.
MASSIVE DAMAGE!! (PAUSE)
You hit the endoplasm but do no damage. The endoplasm freezes you.
You are frozen.
* * * LOW HITPOINT WARNING * * *
😱 HP[-3]
You take 3 damage, and now have 5/29 hp.
You barely miss the endoplasm. The endoplasm freezes you.
You are frozen.
* * * LOW HITPOINT WARNING * * *
You hit the endoplasm. The endoplasm freezes you.
You are frozen.
You die...

Skill      XL: |  1  2  3 |
---------------+----------+-----
Fighting       | 2 |  2.1
Armour         | |  2.7
Dodging        | |  0.7
Stealth        | |  0.7
Evocations     | |  3.7

Action                   || total
-------------------------++-------
Melee: Club              ||   105
Evoke: Wand              ||     7
 Stab: Sleeping          ||     1
Armor: Leather armour    ||    14
       Chain mail        ||    70
Dodge: Dodged            ||    85

Levels and vault maps discovered:
D:1:      dpeg_arrival_boxes_within_box, layout_loops_ring,
          shapermc_ecumenical_altar_hornbeckon
D:2:      layout_basic, minmay_liquid_box, st_stairs_14

Notes
Turn   | Place    | Note
-------+----------+-------------------------------------------
     0 | D:1      | spiderkeys the Hill Orc Artificer began the quest for the
                  | Orb.
     0 | D:1      | Reached XP level 1. HP: 16/16 MP: 1/1
     0 | D:1      | magus.rc [v1.9.10]
   292 | D:1      | Reached XP level 2. HP: 8/23 MP: 2/2
  1054 | D:1      | Found a faded altar of an unknown god.
  1375 | D:2      | Reached XP level 3. HP: 10/29 MP: 3/3
  1623 | D:2      | Reached skill level 2 in Fighting
  1825 | D:2      | HP: 5/29 [frozen (3)]
  1826 | D:2      | HP: 2/29 [frozen (3)]
  1827 | D:2      | Frozen to death by an endoplasm

Vanquished Creatures
  An adder (D:2)
  A worm (D:2)
  3 endoplasms
  A goblin (D:1)
  2 hobgoblins (D:1)
  A quokka (D:1)
  3 ball pythons (D:1)
  2 bats (D:2)
  3 frilled lizards
  6 kobolds
  5 rats
28 creatures vanquished.

Table legend:
 A = Non-vault XP
 B = Vault XP
 C = Vault XP percentage of total XP
 D = Non-vault monster count
 E = Vault monster count
 F = Vault count percentage of total count
                 A         B        C        D         E       F
            +---------+---------+-------+---------+---------+-------
      Total |      54 |       0 |   0.0 |      28 |       0 |   0.0
            +---------+---------+-------+---------+---------+-------
        D:1 |      24 |       0 |   0.0 |      17 |       0 |   0.0
        D:2 |      30 |       0 |   0.0 |      11 |       0 |   0.0
            +---------+---------+-------+---------+---------+-------

Illustrated notes

Table legend:
 A = Kills in this place as a percentage of kills in entire the game.
 B = Kills by you in this place as a percentage of kills by you in the entire game.
 C = Kills by friends in this place as a percentage of kills by friends in the entire game.
 D = Other kills in this place as a percentage of other kills in the entire game.
 E = Experience gained in this place as a percentage of experience gained in the entire game.
 F = Experience gained in this place divided by the number of levels of this place that you have seen.
                   A       B       C       D       E      F
               +-------+-------+-------+-------+-------+----------------------
         Total | 100.0 | 100.0 |   N/A |   N/A | 100.0 |  27.0
       Dungeon | 100.0 | 100.0 |   N/A |   N/A | 100.0 |  27.0
               +-------+-------+-------+-------+-------+----------------------

Table legend: (Time is in decaauts)
 A = Elapsed time spent in this place.
 B = Non-inter-level travel time spent in this place.
 C = Inter-level travel time spent in this place.
 D = Time resting spent in this place.
 E = Time spent auto-exploring this place.
 F = Levels seen in this place.
 G = Mean time per level.
                   A        B        C        D        E       F      G
               +--------+--------+--------+--------+--------+-----+--------+
         Total |   1868 |   1809 |     59 |    178 |   1359 |   2 |  934.0 |
       Dungeon |   1868 |   1809 |     59 |    178 |   1359 |   2 |  934.0 |
               +--------+--------+--------+--------+--------+-----+--------+

Top non-repeatable levels by time:
     D:1: 1334 daAuts
     D:2: 534 daAuts
